[Event "51st La Roda Open 2025"]
[Site "La Roda"]
[Date "2025.04.16"]
[Round "2.1"]
[White "Macias Sanchez, Homero"]
[Black "Pranav Vijay"]
[Result "0-1"]
[Annotator "RC"]
[ECO "A13"]
[WhiteElo "2074"]
[BlackElo "2252"]
[PlyCount "44"]
[EventDate "2025.04.15"]
[EventType "swiss"]
[EventCountry "ESP"]
[SourceTitle "playchess.com"]
[Source "ChessBase"]
[SourceQuality "1"]
[TimeControl "5400+30"]

1. Nf3 Nf6 2. c4 e6 3. g3 d5 4. Bg2 d4 5. e3 Nc6 6. exd4 Nxd4 7. O-O Bc5 8. b4 Nxf3+ 9. Bxf3 Bd4 10. Nc3 e5 11. Rb1 O-O 12. Nb5 e4 13. Nxd4 Qxd4 14. Be2 Rd8 15. Rb3 Bf5 16. Qc2 Qd7 17. Rd1 e3 18. d3 exf2+ 19. Kxf2 Re8 20. Bf3 Bh3 21. d4 Ng4+ 22. Kg1 Qxd4+ 0-1

[Event "51st La Roda Open 2025"]
[Site "La Roda"]
[Date "2025.04.16"]
[Round "2.2"]
[White "Gumularz, Szymon"]
[Black "Guadamuro Torrente, Anabel"]
[Result "1-0"]
[Annotator "RC"]
[ECO "D11"]
[WhiteElo "2604"]
[BlackElo "2063"]
[PlyCount "63"]
[EventDate "2025.04.15"]
[EventType "swiss"]
[EventCountry "ESP"]
[SourceTitle "playchess.com"]
[Source "ChessBase"]
[SourceQuality "1"]
[TimeControl "5400+30"]

1. d4 d5 2. c4 c6 3. Nf3 Nf6 4. Qb3 e6 5. Bg5 Be7 6. e3 Ne4 7. Bxe7 Qxe7 8. Bd3 Nd7 9. Nc3 Nxc3 10. bxc3 O-O 11. O-O e5 12. Be2 e4 13. Nd2 Nf6 14. cxd5 cxd5 15. c4 dxc4 16. Bxc4 b6 17. a4 Qd6 18. h3 Bd7 19. Rfc1 h6 20. Ba6 Rfe8 21. Rc2 Rab8 22. Rac1 Nd5 23. Bc4 Bc6 24. Nxe4 Rxe4 25. Bd3 Bxa4 26. Qxa4 Ree8 27. Qxa7 Nb4 28. Bc4 Nxc2 29. Bxf7+ Kh8 30. Bxe8 Nxd4 31. Bh5 Nc6 32. Rxc6 1-0

[Event "51st La Roda Open 2025"]
[Site "La Roda"]
[Date "2025.04.16"]
[Round "2.3"]
[White "Garcia Gata, Jorge David"]
[Black "Albornoz Cabrera, Carlos Daniel"]
[Result "0-1"]
[Annotator "TA"]
[ECO "E26"]
[WhiteElo "2069"]
[BlackElo "2561"]
[PlyCount "110"]
[EventDate "2025.04.15"]
[EventType "swiss"]
[EventCountry "ESP"]
[SourceTitle "playchess.com"]
[Source "ChessBase"]
[SourceQuality "1"]
[TimeControl "5400+30"]

1. d4 Nf6 2. c4 e6 3. Nc3 Bb4 4. a3 Bxc3+ 5. bxc3 c5 6. e3 b6 7. Bd3 Bb7 8. f3 Nc6 9. Ne2 {[%emt 0:00:34] E26: Nimzo-Indian: Sämisch: 5...c5 6 e3.} d6 10. O-O Qe7 $5 {[%emt 0:04:16][%mdl 4] A promising side line.} 11. e4 {[%emt 0:08:21] The position is equal.} Na5 12. Ng3 $146 (12. Bg5 h6 13. Bh4 g5 14. Bf2 Qc7 15. Rb1 Ba6 16. d5 e5 17. Ng3 Bc8 18. Be3 {1-0 Gabrielian,A (2464)-Solon,N (2306) Titled Tuesday intern op 30th Nov blitz 2021 (10)}) 12... Nd7 13. f4 h5 14. e5 (14. Nxh5 Qh4 15. Ng3 (15. Nxg7+ $2 Ke7 $19) 15... Nb3 $19 (15... Qxh2+ 16. Kf2 $11)) (14. f5 $11) 14... h4 ({Better is} 14... O-O-O $15) 15. Ne4 $11 Nxc4 16. f5 Bxe4 17. Bxe4 {[%emt 0:04:07] A sharp opening} O-O-O 18. Qa4 {[%emt 0:12:39] White sacrificed a pawn} Na5 {[%emt 0:00:07] [#]} 19. exd6 (19. fxe6 Qxe6 20. Rb1 dxe5 $14) 19... Qxd6 20. Rb1 (20. Bf4 $16 e5 21. dxe5 Nxe5 22. Qb5) 20... cxd4 $1 21. fxe6 (21. cxd4 $11 Nf6 22. Qc2+ Qc7 23. Qxc7+ Kxc7 24. Bf4+ Kd7 25. fxe6+ fxe6 26. Bf3) 21... Nc5 $17 22. Qb5 fxe6 (22... Nxe4 23. Rxf7 Nb7 (23... dxc3 24. Qa6+ Kb8 25. Qxa7+ Kc8 26. Qa6+ Kb8 27. Rxb6+) 24. e7 Nxc3 (24... dxc3 $2 25. Qf5+ Kb8 26. Bf4 $18) (24... Rd7 $2 25. Bf4 $18) 25. Qf5+ (25. exd8=R+ Rxd8 26. Qc4+ Qc5 $18) 25... Kb8 26. Qf3 $18 (26. exd8=N Nxd8 27. Rd7 Rf8 $16)) 23. Bf4 {[%emt 0:01:43] [#]} (23. Bf3 $17) 23... e5 $1 $19 24. Bf5+ (24. Bxe5 $2 Qxe5 25. Bf5+ Kc7 $19) 24... Kc7 25. Bg5 (25. cxd4 $2 Qxd4+ 26. Kh1 exf4 $19) 25... Rdf8 26. cxd4 Qxd4+ 27. Kh1 {[%emt 0:00:07] [#]} h3 $1 28. Bxh3 (28. gxh3 $2 Rxf5 29. Rxf5 Qe4+ (29... Rxh3 30. Qe2 $11) 30. Kg1 Qxf5 $19) (28. Qe2 hxg2+) 28... Qc4 {[%emt 0:14:52] Dancing on a razor blade.} (28... Ne4 $17 29. Bh4 Nc4 (29... Rxf1+ 30. Rxf1 Nc4 31. Be1 $15)) 29. Qxc4 $11 Nxc4 30. Rfc1 Nxa3 31. Ra1 Nb5 32. Be7 {[%emt 0:00:08][%csl LRc5,LRf8][%cal Oe7c5] A strong pair of Bishops.} Re8 33. Bxc5 bxc5 34. Rxc5+ Kb6 35. Rd5 Re7 36. Bd7 Nc3 37. Rd3 a6 38. Rc1 (38. Rd6+ $11 Kc7 39. Rc6+ Kxd7 40. Rxc3) 38... Rd8 {[%emt 0:01:01] Black is more active.} 39. Rdxc3 {[%emt 0:00:56] White wants to mate with Rb1+.} Rexd7 $15 {[%emt 0:00:50][%mdl 4096] Endgame KRR-KRR. Black is a pawn up.} 40. Rb1+ Ka7 41. Rcc1 {[%emt 0:00:08] Repels Rd1+} Rb8 {[%emt 0:00:54] aiming for ...Rxb1.} 42. Ra1 Rb5 43. Kg1 Kb6 44. Kf2 (44. Rc8 $15) 44... Rd2+ $17 45. Kf3 Rb3+ 46. Ke4 Rxg2 47. Kxe5 (47. Rc8 $142 Kb7 (47... Rxh2 $2 {loses.} 48. Rb8+ Ka7 49. Rxb3 $18) 48. Re8) 47... Rxh2 48. Rg1 Rb5+ 49. Ke6 (49. Kf4 $17 {was worth a try.}) 49... g5 50. Kf6 $2 (50. Kf7) 50... Rh6+ $19 {[%emt 0:00:01] Black is clearly winning.} 51. Kg7 Rc6 52. Rg4 Ka7 {[%emt 0:00:24] ( -> ...Rb7+)} 53. Rf1 Rb7+ 54. Rf7 Rxf7+ 55. Kxf7 Rc5 {[%emt 0:00:03] Weighted Error Value: White=0.38/Black=0.18 (very precise)   Mistake:       	White=9     	Black=3      Inaccurate:     	White=3     	Black=4      OK:         	White=17    	Black=15     Best:        	White=5     	Black=4      Strong:       	---       	Black=2} 0-1

[Event "51st La Roda Open 2025"]
[Site "La Roda"]
[Date "2025.04.16"]
[Round "2.4"]
[White "Fier, Alexandr"]
[Black "Machado Hernandez, Junior"]
[Result "1-0"]
[Annotator "TA"]
[ECO "B31"]
[WhiteElo "2534"]
[BlackElo "2051"]
[PlyCount "43"]
[EventDate "2025.04.15"]
[EventType "swiss"]
[EventCountry "ESP"]
[SourceTitle "playchess.com"]
[Source "ChessBase"]
[SourceQuality "1"]
[TimeControl "5400+30"]

1. e4 c5 2. Nf3 Nc6 3. Bb5 g6 4. O-O Bg7 5. c3 Nf6 6. Re1 O-O 7. d4 cxd4 8. cxd4 d5 9. e5 Ne4 10. Be3 f5 11. exf6 Bxf6 (11... exf6 $11 12. h3 Qb6) 12. h3 {[%emt 0:05:31] White is slightly better.} Bg7 13. Nc3 Bf5 14. Rc1 {[%emt 0:00:57][%cal Oc3d5] And now Nxd5! would win.} Rc8 {[%emt 0:01:25] [#]} (14... Nxc3 $16 15. Rxc3 (15. bxc3 Rc8 $16) 15... Na5) 15. Nxd5 $1 $18 e5 (15... Qxd5 $2 {perishes.} 16. Bc4 Be6 17. Bxd5 $18) (15... Kh8 $142) (15... Qd6 16. Bf4) 16. dxe5 Nxe5 $2 (16... Be6 {is a better defense.} 17. Nf4 Qxd1) 17. Rxc8 {[%emt 0:00:19] White is clearly winning.} (17. Bxa7 $2 {loses.} Rxc1 18. Qxc1 Qxd5 $19) 17... Bxc8 18. Nxe5 (18. Bxa7 $2 {is the wrong capture.} Nxf3+ 19. Qxf3 (19. gxf3 $2 Qg5+ 20. Kh1 Bxh3 $19) 19... Rxf3 (19... Qxd5 $2 20. Qd3 $17) 20. Rxe4 Be6 $19 (20... Qxd5 $2 21. Bc4 $19)) 18... Bxe5 19. Bxa7 Qa5 20. Rxe4 Qxa7 21. Rxe5 {[%emt 0:00:06] aiming for Qd2.} Qxf2+ 22. Kh2 {[%emt 0:00:16] Black did not feel at home in the position after the opening.   Weighted Error Value: White=0.04 (flawless) /Black=0.89.  Mistake:       	---       	Black=4      Inaccurate:     	---       	Black=2      OK:         	White=6     	Black=1      Best:        	White=1     	---        Brilliant:      	White=1     	---} 1-0

[Event "51st La Roda Open 2025"]
[Site "La Roda"]
[Date "2025.04.16"]
[Round "2.5"]
[White "Martinez Herranz, Francisco Jose"]
[Black "Suleymenov, Alisher"]
[Result "0-1"]
[Annotator "RC"]
[ECO "B30"]
[WhiteElo "2050"]
[BlackElo "2478"]
[PlyCount "58"]
[EventDate "2025.04.15"]
[EventType "swiss"]
[EventCountry "ESP"]
[SourceTitle "playchess.com"]
[Source "ChessBase"]
[SourceQuality "1"]
[TimeControl "5400+30"]

1. e4 c5 2. Nc3 Nc6 3. Nf3 e5 4. Bc4 g6 5. d3 h6 6. Nd2 Bg7 7. Nf1 d6 8. Ne3 Nge7 9. O-O a6 10. a4 Nb4 11. f4 exf4 12. Rxf4 Be6 13. Bxe6 fxe6 14. a5 d5 15. Na4 Qxa5 16. Qg4 Qc7 17. Qxe6 Qxf4 18. Nf5 Bd4+ 19. Nxd4 Qf7 20. Nxc5 Qxe6 21. Ndxe6 Nxc2 22. Rb1 Rc8 23. Nxb7 Rc6 24. Nec5 g5 25. b4 dxe4 26. dxe4 O-O 27. Nd3 Nd4 28. Bb2 Ne2+ 29. Kh1 Rc1+ 0-1

[Event "51st La Roda Open 2025"]
[Site "La Roda"]
[Date "2025.04.16"]
[Round "2.6"]
[White "Lopez Martinez, Josep Manuel"]
[Black "Fernandez Cano, Victor"]
[Result "1-0"]
[Annotator "RC"]
[ECO "E07"]
[WhiteElo "2460"]
[BlackElo "2037"]
[PlyCount "73"]
[EventDate "2025.04.15"]
[EventType "swiss"]
[EventCountry "ESP"]
[SourceTitle "playchess.com"]
[Source "ChessBase"]
[SourceQuality "1"]
[TimeControl "5400+30"]

1. c4 Nf6 2. g3 e6 3. Bg2 d5 4. Nf3 Be7 5. d4 O-O 6. Nc3 Nbd7 7. O-O c6 8. b3 Re8 9. Qc2 Bf8 10. Rd1 a5 11. Bf4 h6 12. e4 dxe4 13. Nxe4 Nxe4 14. Qxe4 a4 15. Rab1 axb3 16. axb3 Ra2 17. b4 Ra4 18. Bd2 Ra2 19. Qd3 g6 20. Qb3 Ra8 21. Be3 Qe7 22. Ne5 Bg7 23. f4 Nf6 24. Ra1 Bd7 25. h3 Bf8 26. g4 Red8 27. g5 hxg5 28. fxg5 Ne8 29. b5 Rxa1 30. Rxa1 cxb5 31. c5 Bg7 32. Ra7 Bxe5 33. dxe5 Rc8 34. Rxb7 Qd8 35. Qd3 Rc7 36. c6 Rxb7 37. cxb7 1-0

[Event "51st La Roda Open 2025"]
[Site "La Roda"]
[Date "2025.04.16"]
[Round "2.7"]
[White "Suarez Alvarez, Miguel"]
[Black "Kanov, Nikola"]
[Result "0-1"]
[Annotator "RC"]
[ECO "E01"]
[WhiteElo "2036"]
[BlackElo "2413"]
[PlyCount "58"]
[EventDate "2025.04.15"]
[EventType "swiss"]
[EventCountry "ESP"]
[SourceTitle "playchess.com"]
[Source "ChessBase"]
[SourceQuality "1"]
[TimeControl "5400+30"]

1. d4 Nf6 2. c4 e6 3. g3 c5 4. Nf3 cxd4 5. Nxd4 d5 6. Bg2 e5 7. Nf3 d4 8. O-O Nc6 9. e3 Be7 10. exd4 exd4 11. Bf4 O-O 12. Ne5 a5 13. Bxc6 bxc6 14. Nxc6 Qd7 15. Nxe7+ Qxe7 16. Re1 Qd7 17. Nd2 Bb7 18. Rc1 Rfe8 19. Rxe8+ Rxe8 20. Nb3 Qh3 21. Qf1 Qh5 22. Qd3 Qh3 23. Qf1 Qh5 24. Qd3 h6 25. c5 Ng4 26. h4 Qd5 27. f3 Re3 28. Qd1 Rxf3 29. c6 Rf2 0-1

[Event "51st La Roda Open 2025"]
[Site "La Roda"]
[Date "2025.04.16"]
[Round "2.8"]
[White "Valmana Canto, Jaime"]
[Black "Mazon Menendez, Jorge"]
[Result "1-0"]
[Annotator "RC"]
[ECO "A18"]
[WhiteElo "2385"]
[BlackElo "2032"]
[PlyCount "105"]
[EventDate "2025.04.15"]
[EventType "swiss"]
[EventCountry "ESP"]
[SourceTitle "playchess.com"]
[Source "ChessBase"]
[SourceQuality "1"]
[TimeControl "5400+30"]

1. c4 Nf6 2. Nc3 e6 3. e4 Bb4 4. e5 Ng8 5. Qg4 Kf8 6. d4 f5 7. Qg3 Ne7 8. a3 Bxc3+ 9. Qxc3 Nbc6 10. Nf3 b6 11. Bf4 Bb7 12. O-O-O Ng6 13. Be3 Qe8 14. h4 h6 15. h5 Nge7 16. d5 Nd8 17. d6 cxd6 18. exd6 Nec6 19. Be2 Qf7 20. Nh4 e5 21. f4 e4 22. g4 fxg4 23. Rhg1 Rg8 24. f5 Qf6 25. Qxf6+ gxf6 26. Bxh6+ Kf7 27. Ng6 Ne5 28. Nxe5+ fxe5 29. Rxg4 Rxg4 30. Bxg4 Nc6 31. f6 Nd4 32. Be3 Bc6 33. h6 Kxf6 34. Rf1+ Nf3 35. b4 Rg8 36. h7 Rh8 37. b5 Bb7 38. Rh1 Bc8 39. Rh6+ Kg7 40. Bf5 Nd4 41. Bxe4 Ne2+ 42. Kd2 Nf4 43. Bxf4 exf4 44. Rh4 Rf8 45. Ke2 Kh8 46. Kf3 a6 47. a4 axb5 48. axb5 Rf7 49. Rxf4 Rxf4+ 50. Kxf4 Kg7 51. Ke5 Kh8 52. Kf6 Bb7 53. Bxb7 1-0

[Event "51st La Roda Open 2025"]
[Site "La Roda"]
[Date "2025.04.16"]
[Round "2.9"]
[White "Talavera Garcia, Santiago"]
[Black "Yordanov, Lachezar"]
[Result "0-1"]
[Annotator "RC"]
[ECO "B90"]
[WhiteElo "2024"]
[BlackElo "2364"]
[PlyCount "70"]
[EventDate "2025.04.15"]
[EventType "swiss"]
[EventCountry "ESP"]
[SourceTitle "playchess.com"]
[Source "ChessBase"]
[SourceQuality "1"]
[TimeControl "5400+30"]

1. e4 c5 2. Nf3 d6 3. d4 cxd4 4. Nxd4 Nf6 5. Nc3 a6 6. h3 e5 7. Nb3 Be7 8. Be3 h6 9. Qf3 Nbd7 10. O-O-O b5 11. g4 Nf8 12. Kb1 Ng6 13. Bd3 Be6 14. Nd5 Bxd5 15. exd5 e4 16. Bxe4 Nh4 17. Qe2 Nxe4 18. Bd4 Nf6 19. Bxf6 gxf6 20. Nd4 Kf8 21. Rhe1 Qd7 22. f4 f5 23. gxf5 Bf6 24. Nc6 Re8 25. Qh5 Rxe1 26. Rxe1 Qxf5 27. Qxf5 Nxf5 28. Nb8 Bh4 29. Rd1 Rg8 30. Nxa6 Ne3 31. Rh1 Nxd5 32. c3 Bf2 33. Kc2 Rg2 34. Kb3 Bg1 35. c4 Rg3+ 0-1

[Event "51st La Roda Open 2025"]
[Site "La Roda"]
[Date "2025.04.16"]
[Round "2.10"]
[White "Sierra Vallina, Lionel"]
[Black "Mellado Sais, Carles"]
[Result "1-0"]
[Annotator "RC"]
[ECO "B53"]
[WhiteElo "2342"]
[BlackElo "2019"]
[PlyCount "119"]
[EventDate "2025.04.15"]
[EventType "swiss"]
[EventCountry "ESP"]
[SourceTitle "playchess.com"]
[Source "ChessBase"]
[SourceQuality "1"]
[TimeControl "5400+30"]

1. e4 c5 2. Nf3 d6 3. Nc3 Nf6 4. d4 cxd4 5. Qxd4 Nc6 6. Qe3 g6 7. h3 Bg7 8. Bc4 O-O 9. O-O a6 10. a4 b6 11. Qe2 Bb7 12. Re1 Nd7 13. Bg5 Nc5 14. Qe3 Ne5 15. Nxe5 Bxe5 16. Bh6 Re8 17. f4 Bh8 18. f5 e6 19. fxe6 Nxe6 20. Rad1 Rc8 21. Bb3 Nc5 22. Ba2 Rc7 23. Qf4 Be5 24. Qf2 Bxc3 25. bxc3 Rxe4 26. Rxe4 Nxe4 27. Qd4 Qf6 28. Qxf6 Nxf6 29. Rxd6 Nd7 30. Bb3 Bc6 31. Rd2 Be4 32. g4 Bc6 33. Kf2 Rc8 34. Rd6 Nc5 35. Kg1 Nxa4 36. Bxa4 Bxa4 37. Rxb6 Bxc2 38. Rxa6 f5 39. Ra7 fxg4 40. hxg4 Bd1 41. g5 Bg4 42. Bg7 Be6 43. Bf6 Bf7 44. Kf2 Re8 45. Rc7 Re6 46. Bd4 Kf8 47. Kf3 Re1 48. c4 Rc1 49. c5 Rc2 50. Ke4 Rc1 51. Be3 Rc4+ 52. Ke5 Ra4 53. Kf6 Ra6+ 54. c6 Be8 55. Bc5+ Kg8 56. Rg7+ Kh8 57. Bd4 Bxc6 58. Rc7 h5 59. Kf7+ Kh7 60. Kf8+ 1-0

[Event "51st La Roda Open 2025"]
[Site "La Roda"]
[Date "2025.04.16"]
[Round "2.11"]
[White "Juan Lepp, Jaime Boris"]
[Black "Centron Antuna, Daniel"]
[Result "0-1"]
[Annotator "RC"]
[ECO "C01"]
[WhiteElo "2015"]
[BlackElo "2299"]
[PlyCount "44"]
[EventDate "2025.04.15"]
[EventType "swiss"]
[EventCountry "ESP"]
[SourceTitle "playchess.com"]
[Source "ChessBase"]
[SourceQuality "1"]
[TimeControl "5400+30"]

1. e4 e6 2. d4 d5 3. Nc3 Bb4 4. exd5 exd5 5. Bd3 Nc6 6. Nge2 Nge7 7. O-O Bxc3 8. bxc3 Bf5 9. Ba3 Qd7 10. c4 Bxd3 11. Qxd3 dxc4 12. Qxc4 O-O 13. d5 Ne5 14. Qd4 Rfe8 15. Bxe7 Rxe7 16. Nf4 Qf5 17. Rfe1 Rae8 18. Re3 Qxc2 19. Qxa7 b6 20. Rae1 Ng4 21. R3e2 Rxe2 22. Nxe2 Qd2 0-1

[Event "51st La Roda Open 2025"]
[Site "La Roda"]
[Date "2025.04.16"]
[Round "2.12"]
[White "Gonzalez Castillo, Jose Javier"]
[Black "Del Rosario Silva, Dexnisi"]
[Result "1-0"]
[Annotator "RC"]
[ECO "C10"]
[WhiteElo "2297"]
[BlackElo "2013"]
[PlyCount "121"]
[EventDate "2025.04.15"]
[EventType "swiss"]
[EventCountry "ESP"]
[SourceTitle "playchess.com"]
[Source "ChessBase"]
[SourceQuality "1"]
[TimeControl "5400+30"]

1. e4 e6 2. d4 d5 3. Nc3 dxe4 4. Nxe4 Nd7 5. Nf3 Ngf6 6. Nxf6+ Nxf6 7. Bd3 c5 8. Be3 Qc7 9. Qe2 a6 10. O-O Bd6 11. Rad1 O-O 12. Rfe1 Bd7 13. c3 Bc6 14. h3 Bxf3 15. Qxf3 c4 16. Bc2 Rad8 17. Bg5 Be7 18. Bf4 Qb6 19. b3 cxb3 20. axb3 Nd5 21. Qd3 g6 22. Bh6 Rfe8 23. Qf3 Bf8 24. Bxf8 Rxf8 25. h4 h5 26. Re5 Qc7 27. Rg5 Kg7 28. Qxh5 Rh8 29. Qg4 Qf4 30. c4 Qxg4 31. Rxg4 Nf6 32. Rf4 Rh5 33. Rd3 Rd7 34. g3 Ra5 35. Rff3 Ra2 36. Bd1 Ne4 37. Kg2 Rb2 38. Rf4 f5 39. Rff3 Kf6 40. g4 Rh7 41. Rde3 Nd2 42. Rh3 Ne4 43. Re2 fxg4 44. Rhe3 Rxe2 45. Bxe2 Nd6 46. Bxg4 Nf5 47. Bxf5 gxf5 48. Rh3 Rd7 49. Rd3 Rg7+ 50. Kh3 Rg1 51. d5 exd5 52. cxd5 Rg7 53. d6 Rd7 54. Kg3 a5 55. Kf4 Ke6 56. h5 b5 57. h6 a4 58. bxa4 bxa4 59. Kg5 Kf7 60. Kxf5 a3 61. h7 1-0

[Event "51st La Roda Open 2025"]
[Site "La Roda"]
[Date "2025.04.16"]
[Round "2.13"]
[White "Carrillo Haro, Jorge"]
[Black "Gomez Falagan, Daniel"]
[Result "0-1"]
[Annotator "RC"]
[ECO "E51"]
[WhiteElo "2009"]
[BlackElo "2254"]
[PlyCount "94"]
[EventDate "2025.04.15"]
[EventType "swiss"]
[EventCountry "ESP"]
[SourceTitle "playchess.com"]
[Source "ChessBase"]
[SourceQuality "1"]
[TimeControl "5400+30"]

1. c4 e6 2. Nc3 d5 3. d4 Nf6 4. Nf3 Bb4 5. Bd2 O-O 6. e3 b6 7. cxd5 exd5 8. Be2 Bb7 9. O-O Bd6 10. Nb5 Be7 11. a4 a6 12. Na3 Bd6 13. b4 Qe7 14. Qb3 c6 15. Rfc1 Ne4 16. Be1 Nd7 17. Nc2 f5 18. Bd3 Qe6 19. Nd2 Ndf6 20. Nf1 Rab8 21. f3 Ng5 22. Bh4 Nf7 23. Bg3 Rbe8 24. Re1 Qd7 25. Bxd6 Nxd6 26. Nd2 Kh8 27. Qc3 Nh5 28. a5 b5 29. Nb3 f4 30. Nc5 Qc7 31. e4 dxe4 32. Bxe4 Bc8 33. Qd3 Nf6 34. Rad1 Nfxe4 35. fxe4 Bg4 36. Rd2 f3 37. Rf1 fxg2 38. Rxf8+ Rxf8 39. Rxg2 Rf3 40. Qd2 Qf7 41. Qe1 Bh3 42. Rf2 Qg6+ 43. Kh1 Nxe4 44. Nxe4 Rxf2 45. Qxf2 Qxe4+ 46. Kg1 h6 47. Qe3 Qg2# 0-1

[Event "51st La Roda Open 2025"]
[Site "La Roda"]
[Date "2025.04.16"]
[Round "2.14"]
[White "Goncalves, Samuel Jesus P"]
[Black "Diaz Rodriguez, Jose Antonio"]
[Result "1-0"]
[Annotator "RC"]
[ECO "B08"]
[WhiteElo "2248"]
[BlackElo "2006"]
[PlyCount "79"]
[EventDate "2025.04.15"]
[EventType "swiss"]
[EventCountry "ESP"]
[SourceTitle "playchess.com"]
[Source "ChessBase"]
[SourceQuality "1"]
[TimeControl "5400+30"]

1. e4 g6 2. d4 Bg7 3. Nc3 d6 4. Be3 c6 5. Nf3 Nf6 6. Qd2 b5 7. Bd3 Ng4 8. Bg5 h6 9. Bh4 a5 10. a3 g5 11. Bg3 Qb6 12. e5 f5 13. exf6 Nxf6 14. Bg6+ Kd8 15. O-O Qc7 16. Rfe1 Nbd7 17. Ne5 dxe5 18. dxe5 Nd5 19. e6 Qb7 20. exd7 Bxd7 21. Nxd5 cxd5 22. Bf7 d4 23. Be5 Rf8 24. Be6 Bxe5 25. Rxe5 Bxe6 26. Rxe6 Ra6 27. Qxd4+ Ke8 28. Qe3 Rxe6 29. Qxe6 Rf6 30. Qg8+ Rf8 31. Qg6+ Rf7 32. Qxh6 Qa7 33. Qc6+ Kf8 34. Rf1 Qb8 35. Qh6+ Rg7 36. Qh8+ Rg8 37. Qd4 Rg6 38. Rd1 Kf7 39. Qd5+ Kg7 40. Re1 1-0

[Event "51st La Roda Open 2025"]
[Site "La Roda"]
[Date "2025.04.16"]
[Round "2.15"]
[White "Gomez Falagan, Hugo"]
[Black "Garcia Jimenez, Santiago"]
[Result "0-1"]
[Annotator "RC"]
[ECO "B12"]
[WhiteElo "2000"]
[BlackElo "2241"]
[PlyCount "56"]
[EventDate "2025.04.15"]
[EventType "swiss"]
[EventCountry "ESP"]
[SourceTitle "playchess.com"]
[Source "ChessBase"]
[SourceQuality "1"]
[TimeControl "5400+30"]

1. e4 c6 2. d4 d5 3. e5 c5 4. Nf3 Nc6 5. dxc5 Bg4 6. Bb5 Qa5+ 7. Nc3 e6 8. Be3 Nge7 9. a3 Nf5 10. b4 Qc7 11. Bf4 g5 12. Bxg5 Bxf3 13. Qxf3 Qxe5+ 14. Kf1 Bg7 15. Bd2 Nfd4 16. Bxc6+ bxc6 17. Qd3 O-O 18. g3 Qh5 19. Kg2 e5 20. f3 f5 21. f4 e4 22. Qf1 Nxc2 23. Ra2 Nd4 24. Qd1 Nf3 25. a4 d4 26. Qb3+ Kh8 27. Nd1 d3 28. Bc3 Nd4 0-1

[Event "51st La Roda Open 2025"]
[Site "La Roda"]
[Date "2025.04.16"]
[Round "2.16"]
[White "Aishwin Daniel"]
[Black "Romera Carrion, Ruben"]
[Result "1/2-1/2"]
[Annotator "RC"]
[ECO "C11"]
[WhiteElo "2236"]
[BlackElo "1995"]
[PlyCount "78"]
[EventDate "2025.04.15"]
[EventType "swiss"]
[EventCountry "ESP"]
[SourceTitle "playchess.com"]
[Source "ChessBase"]
[SourceQuality "1"]
[TimeControl "5400+30"]

1. e4 e6 2. d4 d5 3. Nc3 Nf6 4. e5 Nfd7 5. f4 c5 6. Nf3 Nc6 7. Be3 a6 8. a3 cxd4 9. Nxd4 Bc5 10. Qd2 Nxd4 11. Bxd4 Bxd4 12. Qxd4 Qb6 13. Ne2 Qc7 14. O-O-O Nc5 15. Kb1 Bd7 16. Nc3 Rc8 17. Rc1 O-O 18. g3 b5 19. Bd3 Rb8 20. f5 Na4 21. f6 Nxc3+ 22. bxc3 g6 23. Qe3 Kh8 24. Rcf1 Rg8 25. Kb2 a5 26. Rf4 Rgc8 27. Qd4 b4 28. cxb4 axb4 29. axb4 Rxb4+ 30. Qxb4 Rb8 31. Qxb8+ Qxb8+ 32. Kc1 Qxe5 33. Kd2 g5 34. Rf2 d4 35. Re1 Qa5+ 36. Ke2 Bb5 37. Rb1 Bxd3+ 38. Kxd3 h5 39. Ke2 Qc3 1/2-1/2

[Event "51st La Roda Open 2025"]
[Site "La Roda"]
[Date "2025.04.16"]
[Round "2.17"]
[White "Gonzalez Manchon, Juan Miguel"]
[Black "Nomindalai Tumurbaatar"]
[Result "1/2-1/2"]
[Annotator "RC"]
[ECO "B90"]
[WhiteElo "1988"]
[BlackElo "2211"]
[PlyCount "126"]
[EventDate "2025.04.15"]
[EventType "swiss"]
[EventCountry "ESP"]
[SourceTitle "playchess.com"]
[Source "ChessBase"]
[SourceQuality "1"]
[TimeControl "5400+30"]

1. e4 c5 2. Nf3 d6 3. d4 cxd4 4. Nxd4 Nf6 5. Nc3 a6 6. Be3 e5 7. Nf3 Be7 8. Bc4 O-O 9. O-O Qc7 10. Bb3 Be6 11. Qe2 Rc8 12. Rfd1 Nbd7 13. Nd2 b5 14. f3 Nb6 15. Qf2 Nc4 16. Bxc4 bxc4 17. Nf1 Qc6 18. Kh1 Rab8 19. Rab1 d5 20. exd5 Nxd5 21. Nxd5 Bxd5 22. Ng3 Be6 23. Bd2 Rd8 24. Bc3 Bc5 25. Qe2 Bd4 26. Qe1 Qa4 27. Qd2 h6 28. a3 Rd5 29. Bxd4 exd4 30. Qf4 Rbd8 31. Rd2 Qa5 32. Rbd1 c3 33. bxc3 dxc3 34. Rxd5 Rxd5 35. Rb1 Qxa3 36. h3 Rd8 37. Ne4 Ba2 38. Rb8 Rxb8 39. Qxb8+ Kh7 40. Qe5 Qc1+ 41. Kh2 Be6 42. Qxc3 Qf4+ 43. Kg1 f5 44. Nc5 Bc4 45. Nd7 a5 46. Ne5 Bd5 47. Kf2 Qa4 48. Qd3 Be6 49. g4 Qf4 50. Qd6 Qh2+ 51. Ke3 f4+ 52. Kd3 Bg8 53. Nd7 Bf7 54. Nf8+ Kg8 55. Nd7 Kh8 56. Ne5 Ba2 57. Ng6+ Kh7 58. Nf8+ Kg8 59. Qd8 Qf2 60. Ng6+ Kh7 61. Nf8+ Kg8 62. Ng6+ Kh7 63. Nf8+ Kg8 1/2-1/2

[Event "51st La Roda Open 2025"]
[Site "La Roda"]
[Date "2025.04.16"]
[Round "2.18"]
[White "Cuellar Montes, Alejandro"]
[Black "Siscar Conill, Aitor"]
[Result "1-0"]
[Annotator "RC"]
[ECO "B11"]
[WhiteElo "2200"]
[BlackElo "1986"]
[PlyCount "81"]
[EventDate "2025.04.15"]
[EventType "swiss"]
[EventCountry "ESP"]
[SourceTitle "playchess.com"]
[Source "ChessBase"]
[SourceQuality "1"]
[TimeControl "5400+30"]

1. e4 c6 2. Nf3 d5 3. Nc3 dxe4 4. Nxe4 Nf6 5. Qe2 Nxe4 6. Qxe4 Nd7 7. Bc4 Nf6 8. Ne5 e6 9. Qe2 b5 10. Bb3 Qc7 11. d4 Bd6 12. O-O O-O 13. c3 a5 14. Bc2 Ba6 15. Bd3 c5 16. Bxb5 Bxb5 17. Qxb5 Bxe5 18. dxe5 Qxe5 19. Qc4 Qd5 20. Qe2 Rfd8 21. Be3 Qe5 22. Qc4 Rac8 23. Rfd1 Rd5 24. Re1 Qf5 25. h3 Qc2 26. Qa6 Rcd8 27. Qxa5 Qxb2 28. c4 R5d7 29. Qxc5 h6 30. a4 Ne4 31. Qb6 Qc2 32. c5 Nc3 33. c6 Nd5 34. Qb5 Rd6 35. Rac1 Qa2 36. c7 Rc8 37. Qb7 Ne7 38. Bc5 Rd2 39. Bxe7 Rxf2 40. Qxc8+ Kh7 41. Qb7 1-0